 Dungeon Crawl Stone Soup version 0.31-a0-234-gad7ace16ef (webtiles) character file.

Game seed: 741804670057789900

169281 qw the Crack Shot (level 17, -2/162 HPs)
             Began as a Minotaur Hexslinger on July 9, 2023.
             Was an Elder of Okawaru.
             Slain by a wolf spider (33 damage)
             ... on level 3 of the Spider Nest.
             The game lasted 00:14:00 (27830 turns).

qw the Crack Shot (Minotaur Hexslinger)            Turns: 27830, Time: 00:14:00

Health: -2/162     AC:  5    Str: 15    XL:     17   Next: 35%
Magic:  6/7        EV: 45    Int: 10    God:    Okawaru [****..]
Gold:   2731       SH:  0    Dex: 33    Spells: 17/18 levels left

rFire   . . .        v - +3 triple crossbow (antimagic)
rCold   + . .        (shield currently unavailable)
rNeg    . . .        n - +3 leather armour {rPois}
rPois   +            p - +2 hat
rElec   .            (no cloak)
rCorr   +            e - -1 pair of gloves "Ozulant" {*Slow rC+ rCorr Dex+4}
SInv    .            j - +2 pair of boots of the Harp {Dex+4}
Will    +....        f - amulet of faith
Stlth   ++++         h - +6 ring of dexterity
HPRegen 0.47/turn    o - +5 ring of evasion
MPRegen 0.10/turn

%: slow self (1%), faith
@: lethally poisoned (-2 -> -6), about to teleport, heroic, corroded
A: horns 2, retaliatory headbutt
a: Renounce Religion, Heroism, Finesse


You were on level 3 of the Spider Nest.
You worshipped Okawaru.
Okawaru was greatly pleased with you.
You visited 5 branches of the dungeon, and saw 28 of its levels.
You also visited: Sewer.

You collected 4065 gold pieces.
You spent 1334 gold pieces at shops.


Innate Abilities, Weirdness & Mutations

You have a pair of horns on your head.
You reflexively headbutt those who attack you in melee.


   Skills:
 + Level 17.4(22.4) Fighting
 - Level 22.0(27) Ranged Weapons
 - Level 7.0(12.0) Armour
 - Level 18.0(23.0) Dodging
 - Level 1.0 Spellcasting
 - Level 2.0 Hexes
 - Level 10.0 Invocations


You had 17 spell levels left.
You knew the following spells:

 Your Spells              Type           Power      Damage    Failure   Level
a - Slow                  Hex            16%        N/A       17%         1

Your spell library contained the following spells:

 Spells                   Type           Power      Damage    Failure   Level
 Inner Flame              Hex/Fire       2%         N/A       61%         3
 Portal Projectile        Hex/Tloc       4%         N/A       61%         3
 Cause Fear               Hex            2%         N/A       86%         4

Inventory:

Hand Weapons
 v - a +3 antimagic triple crossbow (weapon)
Armour
 b - a +2 pair of gloves
 e - the -1 pair of gloves "Ozulant" (worn) {*Slow rC+ rCorr Dex+4}
   (Okawaru gifted it to you on level 4 of the Lair of Beasts)

   Dex:       It affects your dexterity (+4).
   rC:        It protects you from cold.
   rCorr:     It protects you from acid and corrosion.
   *Slow:     It may slow you when you take damage.
 j - the +2 pair of boots of the Harp (worn) {Dex+4}
   (Okawaru gifted it to you on level 10 of the Dungeon)

   Dex:       It affects your dexterity (+4).
 n - a +3 leather armour of poison resistance (worn)
 p - a +2 hat (worn)
 r - a +0 troll leather armour
 u - a +3 ring mail of cold resistance
Jewellery
 c - a ring of protection from fire
 f - an amulet of faith (around neck)
 h - a +6 ring of dexterity (left hand)
 o - a +5 ring of evasion (right hand)
 s - an amulet of the acrobat
Scrolls
 d - 13 scrolls of identify
 l - 7 scrolls of teleportation
 t - 4 scrolls of enchant armour
Potions
 a - 6 potions of haste
 g - 10 potions of mutation
 i - 12 potions of curing
 k - a potion of heal wounds
 m - 4 potions of might
 q - 2 potions of enlightenment
 w - 2 potions of resistance

Dungeon Overview and Level Annotations

Branches:
Dungeon (15/15)            Temple (0/1) D:6            Lair (5/5) D:10
 Shoals (3/4) Lair:3       Spider (3/4) Lair:2        Slime (0/5) Lair:4
    Orc (2/2) D:10            Elf (0/3) Orc:2        Vaults (0/5) D:14
 Depths (0/4) D:15          Sewer (visited)

Altars:
Ashenzari
Cheibriados
Dithmenos
Fedhas
Nemelex Xobeh
Okawaru
Qazlal
Ru
Trog
Uskayaw
Vehumet
Xom
Yredelemnul
The Shining One

Shops:
D:2 *   D:4 *   Orc:2 :**!   Shoals:1 (

Annotations:
D:4 2 runed translucent doors, qw's ghost, amateur MiHs
D:7 1 runed translucent door, qw's ghost, novice MiHs
Lair:2 1 runed translucent door, qw's ghost, journeyman MiHs
Lair:4 2 transporters, qw's ghost, journeyman GrFi


Message History

The redback completely misses you. The tarantella completely misses you.
You furiously retaliate!
You headbutt the tarantella! You shoot a bolt. The bolt hits the tarantella!!!
You kill the tarantella!
Okawaru accepts your kill.
You feel very sick. The wolf spider misses you. You furiously retaliate!
You headbutt the wolf spider. The wolf spider completely misses you.
The wolf spider hits you! The wolf spider misses you.
The pharaoh ant completely misses you.
The jumping spider completely misses you. x2
The redback bites you! The wolf spider completely misses you.
You furiously retaliate!
You headbutt the wolf spider, but do no damage.
The wolf spider completely misses you. The pharaoh ant misses you.
The jumping spider completely misses you.
You furiously retaliate!
You headbutt the jumping spider.
The jumping spider completely misses you.
You shoot a bolt. The bolt barely misses the wolf spider.
You feel very sick. The wolf spider completely misses you.
You furiously retaliate!
You headbutt the wolf spider! The wolf spider completely misses you.
The redback completely misses you.
The entropy weaver completely misses you. x2
The entropy weaver hits you! The entropy weaver closely misses you.
The wolf spider completely misses you. You furiously retaliate!
You headbutt the wolf spider, but do no damage.
The wolf spider closely misses you.
The jumping spider completely misses you.
You furiously retaliate!
You headbutt the jumping spider.
The jumping spider completely misses you.
The pharaoh ant completely misses you. You furiously retaliate!
You headbutt the pharaoh ant, but do no damage.
The redback completely misses you. You furiously retaliate!
You headbutt the redback, but do no damage.
27830 ||| READING 8 scrolls of teleportation.
As you read the scroll of teleportation, it crumbles to dust.
You feel strangely unstable.
You feel sick. The wolf spider hits you!!
You die...

#.^.. .... . .
#^..#. .. ^....
...#### ...#
#.#....#..# .
......Bss.#....
#.B@s^.s#
.....^#%s#...#
..... #..# #.#
##.. .... #.
..... # ....#.^
########


You could see an entropy weaver, a demonic crawler, a wolf spider (berserk), a
pharaoh ant, 2 jumping spiders and a redback.

Vanquished Creatures
  Mlioglotl (Shoals:1)
  A kraken (Shoals:2)
  Frances (D:12)
  Kirke (Lair:5)
  2 emperor scorpions
  A ghost moth (Spider:1)
  2 broodmothers (Spider:2)
  2 dire elephants
  A spark wasp (Spider:1)
  6 merfolk impalers
  Josephine (D:13)
  Snorg (D:13)
  2 entropy weavers
  8 vault guards (D:14)
  4 ogre magi (Orc:2)
  A rakshasa (D:14)
  9 hydras
  An alligator snapping turtle (Shoals:3)
  A merfolk avatar (Shoals:2)
  2 radroaches
  6 centaur warriors
  Erica (D:8)
  4 boulder beetles
  16 two-headed ogres
  2 catoblepae (Lair:5)
  A death knight (D:13)
  6 merfolk aquamancers
  2 satyrs (Shoals:2)
  2 orc high priests
  3 death yaks (Lair:5)
  5 demonic crawlers
  6 skysharks
  5 skeletal warriors (D:14)
  4 pharaoh ants
  11 sea snakes
  9 orb spiders
  A steelbarb worm (Spider:1)
  A lindwurm (Lair:5)
  2 orc knights
  A wizard (D:15)
  14 ugly things (D:14)
  Pikel (D:6)
  4 harpies
  12 manticores
  4 cyclopes
  8 fauns
  10 wolf spiders
  2 merfolk sirens
  2 moths of wrath
  17 elephants
  Joseph (D:8)
  8 black mambas
  A torpor snail (Spider:2)
  11 cane toads
  3 gargoyles (D:12)
  An unseen horror (D:13)
  2 water nymphs (Shoals:1)
  3 rime drakes
  A komodo dragon (shapeshifter) (D:10)
  A kobold demonologist (D:11)
  An efreet (D:14)
  7 komodo dragons
  A freezing wraith (D:13)
  2 tengu conjurers (D:14)
  13 trolls
  10 merfolk
  2 polar bears
  3 meliai (D:13)
  19 tarantellas
  3 wind drakes (Shoals:3)
  A tarantella (shapeshifter) (D:14)
  2 dream sheep (Lair:5)
  21 blink frogs
  17 jumping spiders
  2 snapping turtles
  5 slime creatures
  18 culicivoras
  9 wyverns
  16 basilisks
  A human (Lair:5)
  4 wraiths (D:13)
  31 yaks
  6 water elementals
  Eustachio (D:4)
  3 hogs (Lair:5)
  25 redbacks
  4 steam dragons
  19 vampire mosquitoes
  5 wargs
  19 water moccasins
  Duvessa (D:5)
  A hell hound (D:14)
  16 orc warriors
  4 black bears
  26 ogres
  18 wolves
  13 centaurs
  A phantom (D:5)
  2 kobold brigands
  Blork the orc (D:4)
  2 gnoll sergeants
  3 scorpions
  11 bullfrogs
  4 wights (D:4)
  Dowan (D:5)
  2 howler monkeys
  An electric eel (D:10)
  A lava snake (D:7)
  4 jellies
  10 orc priests
  7 hounds
  Ijyb (D:4)
  2 sleepcaps
  18 orc wizards
  7 hell rats (D:14)
  A mummy (D:11)
  Robin (D:5)
  16 gnolls
  16 adders
  3 white imps
  An ufetubus (D:4)
  2 worms (D:3)
  5 dart slugs
  61 orcs
  19 endoplasms
  5 giant cockroaches
  4 goblins
  17 hobgoblins
  9 jackals
  3 quokkas
  11 ball pythons
  10 bats
  5 frilled lizards
  27 kobolds
  6 rats
  A fire vortex (Lair:1)
892 creatures vanquished.

Vanquished Creatures (others)
  A tarantella (Spider:1)
  5 tentacles (Shoals:2)
6 creatures vanquished.

Grand Total: 898 creatures vanquished

Notes
Turn   | Place    | Note
-------+----------+-------------------------------------------
     0 | D:1      | qw the Minotaur Hexslinger began the quest for the Orb.
     0 | D:1      | Reached XP level 1. HP: 16/16 MP: 1/1
     0 | D:1      | 0 ||| qw: Version: 0.3-a-51-g015441d
     0 | D:1      | 0 ||| qw: Game counter: 4353
     0 | D:1      | 0 ||| qw: Melee chars always use a shield: true
     0 | D:1      | 0 ||| qw: God list: Okawaru
     0 | D:1      | 0 ||| qw: Allow faded altars: false
     0 | D:1      | 0 ||| qw: Do Orc after clearing Dungeon:15 true
     0 | D:1      | 0 ||| qw: Do second Lair branch before Depths: true
     0 | D:1      | 0 ||| qw: Lair rune preference: random
     0 | D:1      | 0 ||| qw: Goals: Normal
     0 | D:1      | 0 ||| PLANNING D:1-11
   134 | D:1      | Reached skill level 3 in Ranged Weapons
   134 | D:1      | Reached XP level 2. HP: 23/23 MP: 2/2
   234 | D:1      | 234 ||| UPGRADING to +0 ring mail.
   244 | D:1      | 244 ||| DROPPING +0 robe.
   245 | D:1      | 245 ||| READING scroll labelled RUHUUSH QICIF.
   246 | D:1      | 246 ||| READING scroll labelled HUSUXI PYUSCHE.
   247 | D:1      | 247 ||| READING scroll labelled QUTUKK XEIGH.
   273 | D:1      | 273 ||| DROPPING scroll of poison.
   361 | D:1      | Reached XP level 3. HP: 12/29 MP: 3/3
   368 | D:1      | 368 ||| FLEEEEING.
   369 | D:1      | 369 ||| FLEEEEING.
   370 | D:1      | 370 ||| FLEEEEING.
   371 | D:1      | 371 ||| FLEEEEING.
   372 | D:1      | 372 ||| FLEEEEING.
   377 | D:1      | 377 ||| FLEEEEING.
   378 | D:1      | 378 ||| FLEEEEING.
   379 | D:1      | 379 ||| FLEEEEING.
   380 | D:1      | 380 ||| FLEEEEING.
   381 | D:1      | 381 ||| FLEEEEING.
   759 | D:1      | 759 ||| READING scroll labelled WOTEOT DUFUE.
   914 | D:2      | 914 ||| FLEEEEING.
   970 | D:2      | Reached skill level 4 in Ranged Weapons
  1075 | D:2      | Reached skill level 1 in Armour
  1202 | D:2      | Reached XP level 4. HP: 21/36 MP: 4/4
  1314 | D:2      | 1314 ||| FLEEEEING.
  1315 | D:2      | 1315 ||| FLEEEEING.
  1316 | D:2      | 1316 ||| FLEEEEING.
  1317 | D:2      | 1317 ||| FLEEEEING.
  1318 | D:2      | 1318 ||| FLEEEEING.
  1319 | D:2      | 1319 ||| FLEEEEING.
  1320 | D:2      | 1320 ||| FLEEEEING.
  1322 | D:2      | 1322 ||| FLEEEEING.
  1323 | D:2      | 1323 ||| FLEEEEING.
  1324 | D:2      | 1324 ||| FLEEEEING.
  1374 | D:2      | Found Qeicozik's General Store.
  1396 | D:2      | 1396 ||| BUYING potion of heal wounds (70 gold).
  1396 | D:2      | Bought a potion of heal wounds for 70 gold pieces
  1545 | D:2      | Reached skill level 5 in Ranged Weapons
  1545 | D:2      | Reached XP level 5. HP: 30/41 MP: 5/5
  1550 | D:2      | 1550 ||| FLEEEEING.
  1617 | D:2      | 1617 ||| UPGRADING to +0 pair of gloves.
  1622 | D:2      | 1622 ||| UPGRADING to +6 ring of dexterity.
  1623 | D:2      | 1623 ||| READING scroll labelled VEINAR HID.
  1624 | D:2      | 1624 ||| READING scroll labelled YPROROILOLL.
  1625 | D:2      | 1625 ||| READING scroll labelled BOWNAPLA XASTRI.
  1726 | D:2      | 1726 ||| READING scroll labelled ZUNWAKHLUQUA.
  1727 | D:2      | 1727 ||| READING scroll labelled OTUTIGAECSO.
  1728 | D:2      | 1728 ||| READING 3 scrolls labelled UHIRUF BYD GEW.
  1729 | D:2      | 1729 ||| DROPPING 2 scrolls of fear.
  1775 | D:3      | 1775 ||| PLANNING SEWER
  1790 | D:3      | Identified the +6 sling of the Tundras {drain, Will+}
  1792 | D:3      | 1792 ||| SWAPPING to +6 sling of the Tundras {drain,
                  | Will+}.
  1793 | D:3      | 1793 ||| DROPPING +1 sling.
  1881 | D:3      | Found an iron altar of Okawaru.
  1911 | D:3      | Identified the +4 mace "Edurchiul" {freeze, Int+4}
  1920 | D:3      | Found a glowing drain.
  1921 | D:3      | 1921 ||| DROPPING +6 ring of intelligence.
  1922 | D:3      | 1922 ||| READING 3 scrolls of identify.
  1922 | D:3      | 1922 ||| IDENTIFYING black potion
  1923 | D:3      | 1923 ||| READING 2 scrolls of identify.
  1923 | D:3      | 1923 ||| IDENTIFYING fizzy silvery potion
  1924 | D:3      | 1924 ||| DROPPING potion of ambrosia.
  1936 | Sewer    | Entered a sewer
  1944 | Sewer    | Reached skill level 3 in Fighting
  2019 | Sewer    | 2019 ||| Stepping ~*~*~tactically~*~*~ (water).
  2025 | Sewer    | 2025 ||| Stepping ~*~*~tactically~*~*~ (water).
  2087 | Sewer    | 2087 ||| Stepping ~*~*~tactically~*~*~ (water).
  2106 | Sewer    | 2106 ||| READING scroll of enchant armour.
  2106 | Sewer    | 2106 ||| ENCHANTING +0 pair of gloves.
  2176 | Sewer    | 2176 ||| Stepping ~*~*~tactically~*~*~ (water).
  2191 | Sewer    | 2191 ||| READING 2 scrolls of identify.
  2191 | Sewer    | 2191 ||| IDENTIFYING silvery potion
  2237 | D:3      | 2237 ||| PLANNING OKAWARU WORSHIP
  2250 | D:3      | Became a worshipper of Warmaster Okawaru
  2251 | D:3      | 2251 ||| PLANNING D:1-11
  2322 | D:3      | Reached skill level 6 in Ranged Weapons
  2473 | D:3      | 2473 ||| Stepping ~*~*~tactically~*~*~ (outnumbered).
  2477 | D:3      | 2477 ||| Stepping ~*~*~tactically~*~*~ (outnumbered).
  2484 | D:3      | Reached XP level 6. HP: 31/51 MP: 6/6
  2508 | D:3      | 2508 ||| FLEEEEING.
  2509 | D:3      | 2509 ||| FLEEEEING.
  2510 | D:3      | 2510 ||| FLEEEEING.
  2511 | D:3      | 2511 ||| FLEEEEING.
  2512 | D:3      | 2512 ||| FLEEEEING.
  2513 | D:3      | 2513 ||| FLEEEEING.
  2514 | D:3      | 2514 ||| FLEEEEING.
  2515 | D:3      | 2515 ||| FLEEEEING.
  2516 | D:3      | 2516 ||| FLEEEEING.
  2517 | D:3      | 2517 ||| FLEEEEING.
  2518 | D:3      | 2518 ||| FLEEEEING.
  2519 | D:3      | 2519 ||| FLEEEEING.
  2520 | D:3      | 2520 ||| FLEEEEING.
  2521 | D:3      | 2521 ||| FLEEEEING.
  2522 | D:3      | 2522 ||| FLEEEEING.
  2523 | D:3      | 2523 ||| FLEEEEING.
  2524 | D:3      | 2524 ||| FLEEEEING.
  2525 | D:3      | 2525 ||| FLEEEEING.
  2526 | D:3      | 2526 ||| FLEEEEING.
  2527 | D:3      | 2527 ||| FLEEEEING.
  2528 | D:3      | 2528 ||| FLEEEEING.
  2529 | D:3      | 2529 ||| FLEEEEING.
  2530 | D:3      | 2530 ||| FLEEEEING.
  2531 | D:3      | 2531 ||| FLEEEEING.
  2532 | D:3      | 2532 ||| FLEEEEING.
  2533 | D:3      | 2533 ||| FLEEEEING.
  2534 | D:3      | 2534 ||| FLEEEEING.
  2535 | D:3      | 2535 ||| FLEEEEING.
  2536 | D:3      | 2536 ||| FLEEEEING.
  2537 | D:3      | 2537 ||| FLEEEEING.
  2538 | D:3      | 2538 ||| FLEEEEING.
  2539 | D:3      | 2539 ||| FLEEEEING.
  2540 | D:3      | 2540 ||| FLEEEEING.
  2894 | D:3      | Found a stormy altar of Qazlal.
  2898 | D:3      | Found a bloodstained altar of Trog.
  2932 | D:4      | Found a large runed translucent door.
  2932 | D:4      | Found a large runed translucent door.
  2935 | D:4      | Noticed qw's ghost (amateur MiHs)
  2958 | D:4      | Noticed Eustachio
  2969 | D:4      | Killed Eustachio
  2969 | D:4      | Reached * piety under Okawaru
  2995 | D:4      | You fall into a shaft and drop 3 floors!
  3034 | D:7      | Noticed an orc warrior
  3035 | D:7      | 3035 ||| INVOKING Heroism.
  3045 | D:7      | Killed an orc warrior
  3046 | D:7      | Reached skill level 1 in Invocations
  3046 | D:7      | Reached XP level 7. HP: 54/61 MP: 5/7
  3132 | D:7      | 3132 ||| UPGRADING to +3 leather armour of poison
                  | resistance.
  3142 | D:7      | 3142 ||| DROPPING +0 ring mail.
  3143 | D:7      | 3143 ||| READING scroll labelled XOCREGENUK.
  3144 | D:7      | 3144 ||| DRINKING 2 cyan potions.
  3145 | D:7      | 3145 ||| DROPPING potion of degeneration.
  3148 | D:7      | 3148 ||| FLEEEEING.
  3148 | D:7      | Noticed qw's ghost (novice MiHs)
  3149 | D:7      | 3149 ||| FLEEEEING.
  3151 | D:7      | 3151 ||| FLEEEEING.
  3152 | D:7      | 3152 ||| STAIRDANCE
  3185 | D:6      | Noticed Pikel
  3185 | D:6      | 3185 ||| INVOKING Heroism.
  3193 | D:6      | Killed Pikel
  3193 | D:6      | Reached ** piety under Okawaru
  3194 | D:6      | Reached skill level 7 in Ranged Weapons
  3194 | D:6      | Reached XP level 8. HP: 68/69 MP: 5/10
  3311 | D:6      | Reached skill level 3 in Dodging
  3385 | D:6      | 3385 ||| DRINKING 2 metallic inky potions.
  3393 | D:6      | Reached skill level 8 in Ranged Weapons
  3400 | D:5      | Entered Level 5 of the Dungeon
  3401 | D:5      | Found a shadowy altar of Dithmenos.
  3416 | D:4      | Found Bepanah's Bounteous Boutique.
  3421 | D:4      | Noticed Blork the orc
  3422 | D:4      | 3422 ||| INVOKING Heroism.
  3425 | D:4      | Killed Blork the orc
  3448 | D:4      | 3448 ||| BUYING +1 pair of boots (126 gold).
  3448 | D:4      | Bought a +1 pair of boots for 126 gold pieces
  3448 | D:4      | 3448 ||| SHOPLISTING scroll of brand weapon (104 gold, have
                  | 49).
  3448 | D:4      | 3448 ||| BUYING scroll of teleportation (33 gold).
  3448 | D:4      | Bought a scroll of teleportation for 33 gold pieces
  3598 | D:4      | Found a shimmering altar of Xom.
  3662 | D:4      | Reached skill level 9 in Ranged Weapons
  3663 | D:4      | 3663 ||| FLEEEEING.
  3664 | D:4      | 3664 ||| FLEEEEING.
  3665 | D:4      | 3665 ||| FLEEEEING.
  3666 | D:4      | 3666 ||| FLEEEEING.
  3667 | D:4      | 3667 ||| FLEEEEING.
  3668 | D:4      | 3668 ||| FLEEEEING.
  3671 | D:4      | 3671 ||| FLEEEEING.
  3672 | D:4      | 3672 ||| FLEEEEING.
  3675 | D:4      | 3675 ||| FLEEEEING.
  3786 | D:4      | Found a sacrificial altar of Ru.
  4145 | D:4      | Noticed Ijyb
  4146 | D:4      | 4146 ||| INVOKING Heroism.
  4154 | D:4      | Killed Ijyb
  4333 | D:4      | 4333 ||| UPGRADING to +1 pair of boots.
  4338 | D:4      | 4338 ||| READING scroll labelled MEOG CAIPTUYSI.
  4376 | D:5      | Noticed Robin
  4381 | D:5      | Noticed Dowan
  4382 | D:5      | 4382 ||| INVOKING Heroism.
  4382 | D:5      | Noticed Duvessa
  4384 | D:5      | Killed Robin
  4390 | D:5      | Reached skill level 6 in Fighting
  4390 | D:5      | Killed Dowan
  4398 | D:5      | Killed Duvessa
  4403 | D:5      | Reached *** piety under Okawaru
  4797 | D:5      | 4797 ||| UPGRADING to +5 ring of evasion.
  4798 | D:5      | 4798 ||| READING scroll labelled HETIQU XOHUQ.
  4882 | D:6      | Found a staircase to the Ecumenical Temple.
  4888 | D:6      | Reached skill level 10 in Ranged Weapons
  4888 | D:6      | Reached XP level 9. HP: 75/75 MP: 11/11
  4889 | D:6      | 4889 ||| READING scroll of enchant armour.
  4889 | D:6      | 4889 ||| ENCHANTING +1 pair of gloves.
  4982 | D:6      | 4982 ||| INVOKING Heroism.
  5124 | D:6      | 5124 ||| UPGRADING to +1 hat.
  5129 | D:6      | 5129 ||| UPGRADING to amulet of faith.
  5134 | D:6      | 5134 ||| READING scroll labelled NINICO CIUZ.
  5134 | D:6      | Identified a scroll of acquirement
  5134 | D:6      | 5134 ||| ACQUIRING 908 gold pieces
  5134 | D:6      | Acquired 908 gold pieces
  5136 | D:6      | 5136 ||| DRINKING 3 fizzy orange potions.
  5166 | D:6      | 5166 ||| DROPPING 2 potions of lignification.
  5201 | D:7      | 5201 ||| INVOKING Heroism.
  5336 | D:7      | Found a glowing golden altar of the Shining One.
  5439 | D:7      | Found a runed translucent door.
  5565 | D:7      | Found a basalt altar of Yredelemnul.
  5733 | D:7      | Found a hide-covered altar of Uskayaw.
  5765 | D:7      | 5765 ||| DROPPING +4 ring of slaying {mikee}.
  5814 | D:8      | Found a broken altar of Ashenzari.
  5871 | D:8      | 5871 ||| INVOKING Heroism.
  5880 | D:8      | Noticed Erica
  5899 | D:8      | Killed Erica
  5900 | D:8      | Reached skill level 11 in Ranged Weapons
  5974 | D:8      | 5974 ||| INVOKING Heroism.
  5976 | D:8      | 5976 ||| Stepping ~*~*~tactically~*~*~ (cloud).
  5979 | D:8      | 5979 ||| Stepping ~*~*~tactically~*~*~ (cloud).
  5982 | D:8      | 5982 ||| Stepping ~*~*~tactically~*~*~ (cloud).
  6002 | D:8      | Reached skill level 6 in Dodging
  6011 | D:8      | 6011 ||| INVOKING Heroism.
  6034 | D:8      | 6034 ||| Stepping ~*~*~tactically~*~*~ (cloud).
  6038 | D:8      | 6038 ||| INVOKING Heroism.
  6198 | D:8      | Noticed Joseph
  6199 | D:8      | 6199 ||| INVOKING Heroism.
  6201 | D:8      | 6201 ||| Stepping ~*~*~tactically~*~*~ (outnumbered).
  6202 | D:8      | 6202 ||| Stepping ~*~*~tactically~*~*~ (outnumbered).
  6209 | D:8      | 6209 ||| Stepping ~*~*~tactically~*~*~ (outnumbered).
  6216 | D:8      | Killed Joseph
  6216 | D:8      | Reached **** piety under Okawaru
  6217 | D:8      | Reached skill level 12 in Ranged Weapons
  6217 | D:8      | Reached XP level 10. HP: 78/86 MP: 10/12
  6265 | D:8      | 6265 ||| INVOKING Heroism.
  6284 | D:8      | 6284 ||| Stepping ~*~*~tactically~*~*~ (outnumbered).
  6286 | D:8      | 6286 ||| Stepping ~*~*~tactically~*~*~ (outnumbered).
  6328 | D:8      | 6328 ||| INVOKING Heroism.
  6665 | D:9      | 6665 ||| READING scroll of enchant armour.
  6665 | D:9      | 6665 ||| ENCHANTING +1 hat.
  6727 | D:9      | 6727 ||| READING scroll of enchant armour.
  6727 | D:9      | 6727 ||| ENCHANTING +1 pair of boots.
  6822 | D:9      | Reached skill level 6 in Invocations
  6835 | D:9      | Reached ***** piety under Okawaru
  6865 | D:9      | 6865 ||| INVOKING Heroism.
  6868 | D:9      | Reached skill level 13 in Ranged Weapons
  6907 | D:9      | 6907 ||| SWAPPING to +0 orcbow.
  6948 | D:9      | 6948 ||| DROPPING +6 sling of the Tundras {drain, Will+}.
  7156 | D:9      | 7156 ||| DROPPING ring of wizardry.
  7157 | D:9      | 7157 ||| DRINKING 2 fuming dark potions.
  7158 | D:9      | 7158 ||| READING 2 scrolls of identify.
  7158 | D:9      | 7158 ||| IDENTIFYING viscous clear potion
  7159 | D:9      | 7159 ||| DROPPING potion of brilliance.
  7174 | D:10     | Entered Level 10 of the Dungeon
  7192 | D:10     | Found a sparkling altar of Nemelex Xobeh.
  7213 | D:10     | 7213 ||| INVOKING Heroism.
  7219 | D:10     | 7219 ||| Stepping ~*~*~tactically~*~*~ (outnumbered).
  7235 | D:10     | Identified the +2 pair of boots of the Harp {Dex+4}
                  | (Okawaru gifted it to you on level 10 of the Dungeon)
  7235 | D:10     | Received a gift from Okawaru
  7237 | D:10     | Noticed a two-headed ogre
  7242 | D:10     | 7242 ||| FLEEEEING.
  7243 | D:10     | 7243 ||| FLEEEEING.
  7244 | D:10     | 7244 ||| FLEEEEING.
  7245 | D:10     | 7245 ||| FLEEEEING.
  7250 | D:10     | 7250 ||| FLEEEEING.
  7251 | D:10     | 7251 ||| FLEEEEING.
  7252 | D:10     | 7252 ||| FLEEEEING.
  7253 | D:10     | 7253 ||| FLEEEEING.
  7254 | D:10     | 7254 ||| FLEEEEING.
  7256 | D:10     | 7256 ||| STAIRDANCE
  7422 | D:10     | 7422 ||| INVOKING Heroism.
  7430 | D:10     | Killed a two-headed ogre
  7431 | D:10     | Reached XP level 11. HP: 74/95 MP: 13/15
  7504 | D:10     | 7504 ||| INVOKING Heroism.
  7549 | D:10     | Found a staircase to the Lair.
  7563 | D:10     | Noticed a two-headed ogre
  7564 | D:10     | 7564 ||| INVOKING Heroism.
  7571 | D:10     | Killed a two-headed ogre
  7572 | D:10     | Reached skill level 9 in Fighting
  7607 | D:10     | 7607 ||| INVOKING Heroism.
  7702 | D:10     | Reached skill level 3 in Armour
  7754 | D:10     | Found a staircase to the Orcish Mines.
  7757 | D:10     | 7757 ||| INVOKING Heroism.
  7834 | D:10     | 7834 ||| INVOKING Heroism.
  7880 | D:10     | 7880 ||| FLEEEEING.
  7884 | D:10     | 7884 ||| FLEEEEING.
  7991 | D:10     | Found a radiant altar of Vehumet.
  8413 | D:10     | Noticed an entropy weaver
  8418 | D:10     | an entropy weaver changed into a komodo dragon
  8591 | D:10     | 8591 ||| PLANNING LAIR
  8591 | D:10     | 8591 ||| UPGRADING to +2 pair of boots of the Harp {Dex+4}.
  8601 | D:10     | 8601 ||| DROPPING +2 pair of boots.
  8602 | D:10     | 8602 ||| READING 2 scrolls of identify.
  8602 | D:10     | 8602 ||| IDENTIFYING amethyst potion
  8645 | Lair:1   | Entered Level 1 of the Lair of Beasts
  8646 | Lair:1   | 8646 ||| INVOKING Heroism.
  8726 | Lair:1   | 8726 ||| INVOKING Heroism.
  8734 | Lair:1   | Reached skill level 9 in Invocations
  8793 | Lair:1   | 8793 ||| INVOKING Heroism.
  8999 | Lair:1   | 8999 ||| INVOKING Heroism.
  9034 | Lair:1   | Identified the +5 scale mail of the Kraken {-Tele Rampage
                  | Will++ Str+3}
  9044 | Lair:1   | Noticed a boulder beetle
  9045 | Lair:1   | 9045 ||| INVOKING Heroism.
  9063 | Lair:1   | Killed a boulder beetle
  9089 | Lair:1   | 9089 ||| READING 2 scrolls of identify.
  9089 | Lair:1   | 9089 ||| IDENTIFYING white potion
  9090 | Lair:1   | 9090 ||| DROPPING potion of invisibility.
  9096 | Lair:1   | 9096 ||| INVOKING Heroism.
  9113 | Lair:1   | Reached skill level 14 in Ranged Weapons
  9212 | Lair:1   | 9212 ||| INVOKING Heroism.
  9389 | Lair:1   | 9389 ||| READING scroll of enchant weapon.
  9389 | Lair:1   | 9389 ||| ENCHANTING +0 orcbow.
  9470 | Lair:1   | 9470 ||| INVOKING Heroism.
  9572 | Lair:1   | 9572 ||| INVOKING Heroism.
  9576 | Lair:1   | Reached skill level 9 in Dodging
  9576 | Lair:1   | Reached XP level 12. HP: 104/104 MP: 15/18
  9637 | Lair:1   | 9637 ||| INVOKING Heroism.
  9883 | Lair:1   | 9883 ||| DROPPING ring of willpower.
 10146 | Lair:2   | 10146 ||| INVOKING Heroism.
 10163 | Lair:2   | Noticed a seven-headed hydra
 10170 | Lair:2   | Killed a seven-headed hydra
 10309 | Lair:2   | Found a hole to the Spider Nest.
 10310 | Lair:2   | 10310 ||| INVOKING Finesse.
 10531 | Lair:2   | Found a runed translucent door.
 10533 | Lair:2   | Found a shimmering altar of Xom.
 10533 | Lair:2   | Noticed qw's ghost (journeyman MiHs)
 10837 | Lair:2   | 10837 ||| DROPPING ring of flight.
 10866 | Lair:3   | 10866 ||| INVOKING Heroism.
 11009 | Lair:3   | Reached skill level 15 in Ranged Weapons
 11098 | Lair:3   | Found a glowing golden altar of the Shining One.
 11107 | Lair:3   | Found a staircase to the Shoals.
 11286 | Lair:3   | 11286 ||| INVOKING Heroism.
 11531 | Lair:3   | Reached skill level 16 in Ranged Weapons
 12005 | Lair:3   | 12005 ||| READING scroll labelled ILU XOGAARETH.
 12049 | Lair:4   | 12049 ||| INVOKING Heroism.
 12133 | Lair:4   | Reached ****** piety under Okawaru
 12206 | Lair:4   | 12206 ||| INVOKING Heroism.
 12208 | Lair:4   | Noticed qw's ghost (journeyman GrFi)
 12449 | Lair:4   | Found a staircase to the Slime Pits.
 12463 | Lair:4   | 12463 ||| INVOKING Heroism.
 12481 | Lair:4   | Identified the -1 pair of gloves "Ozulant" {*Slow rC+ rCorr
                  | Dex+4} (Okawaru gifted it to you on level 4 of the Lair of
                  | Beasts)
 12481 | Lair:4   | Received a gift from Okawaru
 12482 | Lair:4   | Reached XP level 13. HP: 104/116 MP: 19/19
 12553 | Lair:4   | Found a transporter.
 12603 | Lair:4   | 12603 ||| READING scroll of enchant weapon.
 12603 | Lair:4   | 12603 ||| ENCHANTING +1 orcbow of draining.
 12632 | Lair:4   | Found a bloodstained altar of Trog.
 12643 | Lair:4   | Found a transporter.
 12862 | Lair:4   | 12862 ||| UPGRADING to -1 pair of gloves "Ozulant" {*Slow
                  | rC+ rCorr Dex+4}.
 12880 | Lair:5   | Entered Level 5 of the Lair of Beasts
 12908 | Lair:5   | 12908 ||| INVOKING Heroism.
 12980 | Lair:5   | 12980 ||| INVOKING Heroism.
 13004 | Lair:5   | 13004 ||| INVOKING Heroism.
 13011 | Lair:5   | Reached skill level 12 in Fighting
 13048 | Lair:5   | 13048 ||| INVOKING Heroism.
 13049 | Lair:5   | 13049 ||| Stepping ~*~*~tactically~*~*~ (outnumbered).
 13053 | Lair:5   | 13053 ||| Stepping ~*~*~tactically~*~*~ (outnumbered).
 13132 | Lair:5   | 13132 ||| INVOKING Heroism.
 13133 | Lair:5   | 13133 ||| INVOKING Finesse.
 13140 | Lair:5   | Reached skill level 12 in Dodging
 13153 | Lair:5   | 13153 ||| Stepping ~*~*~tactically~*~*~ (cloud).
 13154 | Lair:5   | 13154 ||| Stepping ~*~*~tactically~*~*~ (outnumbered).
 13232 | Lair:5   | 13232 ||| INVOKING Heroism.
 13233 | Lair:5   | 13233 ||| INVOKING Finesse.
 13234 | Lair:5   | Noticed a dire elephant
 13258 | Lair:5   | Killed a dire elephant
 13364 | Lair:5   | 13364 ||| INVOKING Heroism.
 13373 | Lair:5   | Received a gift from Okawaru
 13439 | Lair:5   | 13439 ||| INVOKING Heroism.
 13612 | Lair:5   | 13612 ||| INVOKING Heroism.
 13753 | Lair:5   | Noticed Kirke
 13754 | Lair:5   | 13754 ||| INVOKING Heroism.
 13755 | Lair:5   | 13755 ||| INVOKING Finesse.
 13772 | Lair:5   | Killed Kirke
 13779 | Lair:5   | Reached XP level 14. HP: 132/132 MP: 13/20
 13927 | Lair:5   | 13927 ||| PLANNING D:1-11
 13927 | Lair:5   | 13927 ||| DROPPING +2 robe of willpower.
 13928 | Lair:5   | 13928 ||| READING scroll labelled IDUR BAHACWOS.
 14126 | D:11     | Found a snail-covered altar of Cheibriados.
 14135 | D:11     | 14135 ||| FLEEEEING.
 14136 | D:11     | 14136 ||| FLEEEEING.
 14137 | D:11     | 14137 ||| FLEEEEING.
 14138 | D:11     | 14138 ||| FLEEEEING.
 14139 | D:11     | 14139 ||| FLEEEEING.
 14140 | D:11     | 14140 ||| FLEEEEING.
 14143 | D:11     | 14143 ||| FLEEEEING.
 14146 | D:11     | 14146 ||| FLEEEEING.
 14147 | D:11     | 14147 ||| FLEEEEING.
 14148 | D:11     | 14148 ||| FLEEEEING.
 14149 | D:11     | 14149 ||| FLEEEEING.
 14150 | D:11     | 14150 ||| FLEEEEING.
 14151 | D:11     | 14151 ||| FLEEEEING.
 14152 | D:11     | 14152 ||| FLEEEEING.
 14153 | D:11     | 14153 ||| FLEEEEING.
 14154 | D:11     | 14154 ||| FLEEEEING.
 14155 | D:11     | 14155 ||| FLEEEEING.
 14156 | D:11     | 14156 ||| FLEEEEING.
 14157 | D:11     | 14157 ||| FLEEEEING.
 14158 | D:11     | 14158 ||| FLEEEEING.
 14738 | D:11     | 14738 ||| INVOKING Heroism.
 14739 | D:11     | 14739 ||| INVOKING Finesse.
 14911 | D:11     | 14911 ||| PLANNING D
 14911 | D:11     | 14911 ||| READING 5 scrolls of identify.
 14911 | D:11     | 14911 ||| IDENTIFYING murky cyan potion
 14912 | D:11     | 14912 ||| DROPPING potion of berserk rage.
 15273 | D:12     | Received a gift from Okawaru
 15280 | D:12     | 15280 ||| SWAPPING to +5 longbow.
 15281 | D:12     | 15281 ||| DROPPING +2 orcbow of draining.
 15508 | D:12     | Noticed Frances
 15509 | D:12     | 15509 ||| INVOKING Heroism.
 15510 | D:12     | 15510 ||| INVOKING Finesse.
 15520 | D:12     | Killed Frances
 15897 | D:13     | 15897 ||| STAIRDANCE
 16120 | D:13     | Noticed Snorg
 16121 | D:13     | 16121 ||| INVOKING Heroism.
 16122 | D:13     | 16122 ||| INVOKING Finesse.
 16125 | D:13     | Killed Snorg
 16311 | D:13     | 16311 ||| INVOKING Heroism.
 16321 | D:13     | Reached skill level 17 in Ranged Weapons
 16714 | D:13     | Noticed Josephine
 16720 | D:13     | Killed Josephine
 16721 | D:13     | 16721 ||| FLEEEEING.
 16722 | D:13     | 16722 ||| FLEEEEING.
 16723 | D:13     | 16723 ||| FLEEEEING.
 16724 | D:13     | 16724 ||| FLEEEEING.
 16725 | D:13     | 16725 ||| FLEEEEING.
 16726 | D:13     | 16726 ||| FLEEEEING.
 16727 | D:13     | 16727 ||| FLEEEEING.
 16896 | D:13     | 16896 ||| READING scroll of enchant weapon.
 16896 | D:13     | 16896 ||| ENCHANTING +5 longbow.
 17066 | D:14     | 17066 ||| INVOKING Heroism.
 17084 | D:14     | Reached skill level 18 in Ranged Weapons
 17094 | D:14     | 17094 ||| INVOKING Heroism.
 17106 | D:14     | Received a gift from Okawaru
 17158 | D:14     | 17158 ||| INVOKING Heroism.
 17249 | D:14     | Received a gift from Okawaru
 17288 | D:14     | Found a sacrificial altar of Ru.
 17343 | D:14     | 17343 ||| INVOKING Heroism.
 17349 | D:14     | 17349 ||| INVOKING Finesse.
 17438 | D:14     | 17438 ||| INVOKING Heroism.
 17439 | D:14     | 17439 ||| INVOKING Finesse.
 17615 | D:14     | 17615 ||| INVOKING Heroism.
 17621 | D:14     | Reached skill level 19 in Ranged Weapons
 17624 | D:14     | Reached XP level 15. HP: 139/139 MP: 19/21
 17624 | D:14     | 17624 ||| SWAPPING to +2 antimagic triple crossbow.
 17626 | D:14     | 17626 ||| DROPPING +6 longbow.
 17775 | D:14     | 17775 ||| INVOKING Heroism.
 18007 | D:14     | Found a gate to the Vaults.
 18242 | D:14     | 18242 ||| INVOKING Heroism.
 18270 | D:14     | Received a gift from Okawaru
 18275 | D:14     | Reached skill level 20 in Ranged Weapons
 18282 | D:14     | 18282 ||| INVOKING Heroism.
 18460 | D:14     | 18460 ||| DROPPING scarf of harm.
 18508 | D:15     | Entered Level 15 of the Dungeon
 18813 | D:15     | 18813 ||| INVOKING Heroism.
 18913 | D:15     | Found a staircase to the Depths.
 19055 | D:15     | Found a blossoming altar of Fedhas.
 19236 | D:15     | 19236 ||| PLANNING ORC
 19365 | Orc:1    | Entered Level 1 of the Orcish Mines
 19424 | Orc:2    | Entered Level 2 of the Orcish Mines
 19439 | Orc:2    | 19439 ||| Stepping ~*~*~tactically~*~*~ (outnumbered).
 19524 | Orc:2    | 19524 ||| INVOKING Heroism.
 19582 | Orc:2    | Found a staircase to the Elven Halls.
 19759 | Orc:2    | 19759 ||| INVOKING Heroism.
 19763 | Orc:2    | 19763 ||| Stepping ~*~*~tactically~*~*~ (outnumbered).
 19800 | Orc:2    | 19800 ||| INVOKING Heroism.
 19803 | Orc:2    | Reached skill level 21 in Ranged Weapons
 19827 | Orc:2    | 19827 ||| INVOKING Heroism.
 19837 | Orc:2    | Paralysed by something for 5 turns
 19852 | Orc:2    | 19852 ||| FLEEEEING.
 19853 | Orc:2    | 19853 ||| FLEEEEING.
 19854 | Orc:2    | 19854 ||| FLEEEEING.
 19884 | Orc:2    | 19884 ||| FLEEEEING.
 19910 | Orc:2    | 19910 ||| FLEEEEING.
 20116 | Orc:2    | Reached skill level 15 in Dodging
 20126 | Orc:2    | Found Guong's General Store.
 20126 | Orc:2    | Found Eriong's Book Emporium.
 20127 | Orc:2    | Found Gops's Distillery.
 20127 | Orc:2    | Found Geith's General Store.
 20142 | Orc:2    | 20142 ||| BUYING amulet of the acrobat (450 gold).
 20142 | Orc:2    | Bought an amulet of the acrobat for 450 gold pieces
 20144 | Orc:2    | 20144 ||| BUYING potion of mutation (136 gold).
 20144 | Orc:2    | Bought a potion of mutation for 136 gold pieces
 20144 | Orc:2    | 20144 ||| BUYING scroll of teleportation (51 gold).
 20144 | Orc:2    | Bought a scroll of teleportation for 51 gold pieces
 20145 | Orc:2    | 20145 ||| BUYING potion of curing (39 gold).
 20145 | Orc:2    | Bought a potion of curing for 39 gold pieces
 20145 | Orc:2    | 20145 ||| BUYING potion of heal wounds (65 gold).
 20145 | Orc:2    | Bought a potion of heal wounds for 65 gold pieces
 20145 | Orc:2    | 20145 ||| BUYING potion of mutation (104 gold).
 20145 | Orc:2    | Bought a potion of mutation for 104 gold pieces
 20145 | Orc:2    | 20145 ||| BUYING potion of resistance (130 gold).
 20145 | Orc:2    | Bought a potion of resistance for 130 gold pieces
 20145 | Orc:2    | 20145 ||| BUYING potion of resistance (130 gold).
 20145 | Orc:2    | Bought a potion of resistance for 130 gold pieces
 20347 | Orc:1    | 20347 ||| INVOKING Heroism.
 20350 | Orc:1    | Reached skill level 15 in Fighting
 20704 | Orc:1    | 20704 ||| PLANNING SHOALS:1-3
 20860 | Shoals:1 | Entered Level 1 of the Shoals
 20870 | Shoals:1 | 20870 ||| Stepping ~*~*~tactically~*~*~ (outnumbered).
 20948 | Shoals:1 | 20948 ||| Stepping ~*~*~tactically~*~*~ (water).
 20949 | Shoals:1 | 20949 ||| INVOKING Heroism.
 20954 | Shoals:1 | 20954 ||| FLEEEEING.
 20956 | Shoals:1 | 20956 ||| Stepping ~*~*~tactically~*~*~ (outnumbered).
 20958 | Shoals:1 | 20958 ||| Stepping ~*~*~tactically~*~*~ (water).
 20960 | Shoals:1 | Received a gift from Okawaru
 20961 | Shoals:1 | Reached XP level 16. HP: 45/149 MP: 6/22
 20965 | Shoals:1 | 20965 ||| Stepping ~*~*~tactically~*~*~ (water).
 20966 | Shoals:1 | 20966 ||| Stepping ~*~*~tactically~*~*~ (water).
 20967 | Shoals:1 | 20967 ||| Stepping ~*~*~tactically~*~*~ (water).
 20967 | Shoals:1 | HP: 34/149 [merfolk aquamancer/ball of steam (15)]
 20968 | Shoals:1 | 20968 ||| READING 12 scrolls of teleportation.
 20968 | Shoals:1 | HP: 8/149 [merfolk aquamancer/shard of ice (27)]
 20969 | Shoals:1 | 20969 ||| DRINKING 8 potions of heal wounds.
 20970 | Shoals:1 | 20970 ||| DRINKING 7 potions of heal wounds.
 20971 | Shoals:1 | 20971 ||| DRINKING 6 potions of heal wounds.
 20972 | Shoals:1 | 20972 ||| READING 11 scrolls of teleportation.
 20973 | Shoals:1 | 20973 ||| DRINKING 5 potions of heal wounds.
 20973 | Shoals:1 | HP: 30/149 [water nymph/the raging water (18)]
 20974 | Shoals:1 | 20974 ||| DRINKING 4 potions of heal wounds.
 20980 | Shoals:1 | Noticed Mlioglotl
 20981 | Shoals:1 | 20981 ||| INVOKING Finesse.
 20995 | Shoals:1 | 20995 ||| Stepping ~*~*~tactically~*~*~ (water).
 20996 | Shoals:1 | Noticed a tentacled starspawn
 20997 | Shoals:1 | Killed Mlioglotl
 21020 | Shoals:1 | 21020 ||| INVOKING Heroism.
 21350 | Shoals:1 | Found Busishrec's Weapon Shop.
 21816 | Shoals:2 | Reached skill level 22 in Ranged Weapons
 21837 | Shoals:2 | 21837 ||| INVOKING Heroism.
 22000 | Shoals:2 | 22000 ||| Stepping ~*~*~tactically~*~*~ (water).
 22063 | Shoals:2 | Reached skill level 6 in Armour
 22078 | Shoals:2 | 22078 ||| Stepping ~*~*~tactically~*~*~ (outnumbered).
 22080 | Shoals:2 | 22080 ||| Stepping ~*~*~tactically~*~*~ (outnumbered).
 22082 | Shoals:2 | 22082 ||| Stepping ~*~*~tactically~*~*~ (outnumbered).
 22083 | Shoals:2 | 22083 ||| INVOKING Heroism.
 22084 | Shoals:2 | 22084 ||| Stepping ~*~*~tactically~*~*~ (water).
 22090 | Shoals:2 | 22090 ||| Stepping ~*~*~tactically~*~*~ (water).
 22092 | Shoals:2 | 22092 ||| Stepping ~*~*~tactically~*~*~ (water).
 22097 | Shoals:2 | 22097 ||| Stepping ~*~*~tactically~*~*~ (water).
 22347 | Shoals:2 | 22347 ||| INVOKING Heroism.
 22356 | Shoals:2 | Received a gift from Okawaru
 22458 | Shoals:2 | 22458 ||| INVOKING Heroism.
 22459 | Shoals:2 | 22459 ||| INVOKING Finesse.
 22753 | Shoals:2 | Noticed a kraken
 22761 | Shoals:2 | 22761 ||| INVOKING Heroism.
 22761 | Shoals:2 | Killed a kraken
 23011 | Shoals:2 | 23011 ||| DROPPING ring of see invisible.
 23303 | Shoals:3 | 23303 ||| Stepping ~*~*~tactically~*~*~ (water).
 23304 | Shoals:3 | HP: 29/149 [merfolk/+0 trident (16)]
 23305 | Shoals:3 | 23305 ||| DRINKING 3 potions of heal wounds.
 23306 | Shoals:3 | 23306 ||| DRINKING 2 potions of heal wounds.
 23308 | Shoals:3 | 23308 ||| DRINKING potion of heal wounds.
 23309 | Shoals:3 | 23309 ||| INVOKING Heroism.
 23313 | Shoals:3 | 23313 ||| Stepping ~*~*~tactically~*~*~ (water).
 23313 | Shoals:3 | HP: 32/149 [water elemental[an elemental wellspring] (15)]
 23315 | Shoals:3 | 23315 ||| READING 10 scrolls of teleportation.
 23351 | Shoals:3 | 23351 ||| Stepping ~*~*~tactically~*~*~ (water).
 23577 | Shoals:3 | 23577 ||| Stepping ~*~*~tactically~*~*~ (water).
 23581 | Shoals:3 | 23581 ||| Stepping ~*~*~tactically~*~*~ (water).
 23621 | Shoals:3 | 23621 ||| Stepping ~*~*~tactically~*~*~ (water).
 23724 | Shoals:3 | 23724 ||| Stepping ~*~*~tactically~*~*~ (outnumbered).
 23737 | Shoals:3 | 23737 ||| INVOKING Heroism.
 23739 | Shoals:3 | 23739 ||| Stepping ~*~*~tactically~*~*~ (cloud).
 23741 | Shoals:3 | 23741 ||| Stepping ~*~*~tactically~*~*~ (water).
 23742 | Shoals:3 | 23742 ||| Stepping ~*~*~tactically~*~*~ (outnumbered).
 23749 | Shoals:3 | 23749 ||| Stepping ~*~*~tactically~*~*~ (cloud).
 23762 | Shoals:3 | 23762 ||| INVOKING Heroism.
 23766 | Shoals:3 | HP: 28/151 [alligator snapping turtle (24)]
 23767 | Shoals:3 | 23767 ||| READING 10 scrolls of teleportation.
 23967 | Shoals:3 | 23967 ||| FLEEEEING.
 23968 | Shoals:3 | 23968 ||| FLEEEEING.
 23969 | Shoals:3 | 23969 ||| FLEEEEING.
 23970 | Shoals:3 | 23970 ||| FLEEEEING.
 23971 | Shoals:3 | 23971 ||| FLEEEEING.
 24028 | Shoals:3 | 24028 ||| Stepping ~*~*~tactically~*~*~ (water).
 24118 | Shoals:3 | 24118 ||| INVOKING Heroism.
 24359 | Shoals:3 | 24359 ||| PLANNING SPIDER:1-3
 24493 | Spider:1 | Entered Level 1 of the Spider Nest
 24575 | Spider:1 | 24575 ||| INVOKING Finesse.
 24585 | Spider:1 | Identified the +7 chain mail of the Maze {*Slow Str+4 SInv}
                  | (Okawaru gifted it to you on level 1 of the Spider Nest)
 24585 | Spider:1 | Received a gift from Okawaru
 24607 | Spider:1 | HP: 37/151 [something (4)]
 24608 | Spider:1 | 24608 ||| READING 9 scrolls of teleportation.
 24616 | Spider:1 | 24616 ||| READING 8 scrolls of teleportation.
 24669 | Spider:1 | 24669 ||| INVOKING Heroism.
 24939 | Spider:1 | 24939 ||| INVOKING Heroism.
 25301 | Spider:1 | 25301 ||| INVOKING Heroism.
 25571 | Spider:1 | 25571 ||| DRINKING 3 potions of resistance.
 25722 | Spider:1 | 25722 ||| INVOKING Finesse.
 26046 | Spider:1 | 26046 ||| INVOKING Finesse.
 26049 | Spider:1 | Reached XP level 17. HP: 161/161 MP: 2/23
 26249 | Spider:2 | 26249 ||| INVOKING Finesse.
 26265 | Spider:2 | 26265 ||| INVOKING Heroism.
 26696 | Spider:2 | 26696 ||| READING scroll of enchant weapon.
 26696 | Spider:2 | 26696 ||| ENCHANTING +2 antimagic triple crossbow.
 26768 | Spider:2 | 26768 ||| INVOKING Heroism.
 26778 | Spider:2 | 26778 ||| Stepping ~*~*~tactically~*~*~ (outnumbered).
 26787 | Spider:2 | 26787 ||| Stepping ~*~*~tactically~*~*~ (outnumbered).
 26788 | Spider:2 | 26788 ||| Stepping ~*~*~tactically~*~*~ (outnumbered).
 26957 | Spider:2 | 26957 ||| INVOKING Heroism.
 26960 | Spider:2 | 26960 ||| INVOKING Finesse.
 27066 | Spider:2 | 27066 ||| INVOKING Heroism.
 27079 | Spider:2 | Reached skill level 18 in Dodging
 27232 | Spider:2 | 27232 ||| DROPPING scarf of harm.
 27300 | Spider:3 | 27300 ||| STAIRDANCE
 27346 | Spider:3 | 27346 ||| STAIRDANCE
 27394 | Spider:3 | 27394 ||| STAIRDANCE
 27505 | Spider:3 | 27505 ||| STAIRDANCE
 27644 | Spider:3 | 27644 ||| STAIRDANCE
 27764 | Spider:3 | 27764 ||| INVOKING Heroism.
 27818 | Spider:3 | 27818 ||| INVOKING Heroism.
 27829 | Spider:3 | HP: 33/162 [entropy weaver (10)]
 27830 | Spider:3 | 27830 ||| READING 8 scrolls of teleportation.
 27830 | Spider:3 | Slain by a wolf spider

Levels and vault maps discovered:
D:1:      mrwooster_arrival_statue_3, layout_loops_ring, st_stairs_11,
          hangedman_glass_teeth
D:2:      cheibrodos_fertilizer, layout_rooms, serial_shops, shop
D:3:      layout_loops_ring, okawaru_ov_weapons_minmay,
          gammafunk_temple_overflow_pools, cheibrodos_sewer_entry_drain,
          kennysheep_generic_room_4
D:4:      layout_gridville, mainiacjoe_overflow_24_doors,
          mainiacjoe_overflow_alcove_1, ebering_ghost_disaster_area,
          nicolae_alphabet_shops, minmay_quantized, uniq_ijyb, uniq_eustachio,
          uniq_blork_the_orc
D:5:      layout_rooms, nicolae_dithmenos_the_darkroom, nicolae_goblin_pals,
          uniq_duvessa
D:6:      layout_rooms, minmay_temple_entry_junction, uniq_pikel
D:7:      layout_loops_ring, marbit_many_paths, nicolae_tso_swordbearing_angel,
          nicolae_uskayaw_suspiria, hellmonk_ghost_happy_afterlife
D:8:      layout_basic, ashenzari_altar_1, hangedman_decor_riveting, uniq_erica,
          uniq_joseph
D:9:      layout_roguey, kennysheep_generic_room_6
D:10:     layout_stronghold, mainiacjoe_overflow_paths, amcnicky_altar_gilded,
          erik_lair_island, hiddenorc2_lemuel, roderic_roman_lattice
D:11:     layout_gridville, slow_altar_2
D:12:     layout_loops_corners, uniq_frances
D:13:     layout_irregular_city, drop_trap, uniq_josephine, uniq_snorg
D:14:     layout_long_grid, erik_vaults_2, special_room
          [special_room_mythical_zoo], minmay_misc_feat_cross,
          nicolae_ru_great_annihilating_truth
D:15:     hangedman_depths_entry_try_elsewhere_first, layout_irregular_city,
          hellmonk_bongcloud_opening, fedhas_altar_4
Lair:1:   layout_gridlike, small_statue_intersection, nzn_sisyphean_effort,
          lemuel_fruit_fields, serial_bayou_shore_b, grunt_megastairs_5
Lair:2:   layout_small_grid, nicolae_spider_entry_orb_guardian,
          ebering_ghost_xom, lemuel_fruit_fields, lemuel_fruit_fields
Lair:3:   layout_regular_city, nicolae_shoals_entry_roost, basic_altar,
          enter_volcano_1
Lair:4:   layout_regular_city, nicolae_slime_entry_slimehenge,
          gammafunk_ghost_wrathful_warriors
Lair:5:   hangedman_lair_in_review, layout_hall_layers,
          grunt_forest_stairs_basic, uniq_kirke
Shoals:1: layout_shoals, serial_shops, nicolae_shop_tiny_glass,
          nicolae_shoals_water_shrine, uniq_mlioglotl
Shoals:2: layout_shoals, nicolae_shoals_pincushion_passage
Shoals:3: cheibrodos_shoals_epimethial_gifts, layout_shoals,
          nicolae_shoals_spring_well_temple
Spider:1: layout_cave_pods, nicolae_spider_twisty_arc_passages
Spider:2: layout_spider_delve
Spider:3: layout_spider_delve, gammafunk_ghost_tricky_traps,
          nicolae_spider_eight_legs
Orc:1:    layout_diamond_mine
Orc:2:    st_orc_ogre_mass, layout_diamond_mine

Skill      XL: |  1  2  3  4  5  6  7  8  9 10 11 12 13 14 15 16 17 |
---------------+----------------------------------------------------+-----
Ranged Weapons | 3 4 5 6 7 10 12 13 14 16 19 21 22 | 22.0
Fighting       | 2 3 5 6 7 8 9 11 14 15 17 | 17.4
Armour         | 1 2 3 4 5 6 7 |  7.0
Invocations    | 1 4 7 10 | 10.0
Dodging        | 4 6 7 9 10 13 14 15 17 18 | 18.0
Spellcasting   | |  1.0
Hexes          | |  2.0

Action                     |  1- 3 |  4- 6 |  7- 9 | 10-12 | 13-15 | 16-18 || total
---------------------------+-------+-------+-------+-------+-------+-------++-------
   Fire: Sling             |   136 |   154 |   254 |   132 |       |       ||   676
         Orcbow            |       |       |       |   703 |   407 |       ||  1110
         Longbow           |       |       |       |       |   284 |       ||   284
         Triple crossbow   |       |       |       |       |   316 |   567 ||   883
 Invoke: Heroism           |       |     1 |    11 |    26 |    30 |    19 ||    87
         Finesse           |       |       |       |     1 |     8 |     7 ||    16
    Use: Scroll            |     4 |    10 |     5 |     7 |     4 |     8 ||    38
         Potion            |       |       |     3 |     1 |       |     9 ||    13
 Armour: Robe              |     4 |       |       |       |       |       ||     4
         Ring mail         |    29 |    23 |     1 |       |       |       ||    53
         Leather armour    |       |       |    24 |    69 |    51 |    39 ||   183
  Dodge: Dodged            |    80 |    35 |    62 |   407 |   563 |   744 ||  1891

Table legend:
 A = Non-vault XP
 B = Vault XP
 C = Vault XP percentage of total XP
 D = Non-vault monster count
 E = Vault monster count
 F = Vault count percentage of total count
                 A         B        C        D         E       F
            +---------+---------+-------+---------+---------+-------
      Total |  168950 |   72881 |  30.1 |     641 |     249 |  28.0
            +---------+---------+-------+---------+---------+-------
        D:1 |      39 |      10 |  20.4 |      22 |       5 |  18.5
        D:2 |      46 |     111 |  70.7 |      18 |      16 |  47.1
        D:3 |      96 |      23 |  19.3 |      20 |       5 |  20.0
        D:4 |     458 |     334 |  42.2 |      19 |       5 |  20.8
        D:5 |     269 |     244 |  47.6 |       9 |      10 |  52.6
        D:6 |     467 |     607 |  56.5 |      12 |       1 |   7.7
        D:7 |     445 |      15 |   3.3 |      11 |       1 |   8.3
        D:8 |    2843 |    1294 |  31.3 |      32 |       2 |   5.9
        D:9 |    2029 |     125 |   5.8 |      26 |       1 |   3.7
       D:10 |    3913 |     934 |  19.3 |      20 |      38 |  65.5
       D:11 |    3280 |      18 |   0.5 |      10 |       1 |   9.1
       D:12 |    8124 |    1416 |  14.8 |      24 |       1 |   4.0
       D:13 |    6175 |    2673 |  30.2 |      21 |       6 |  22.2
       D:14 |   19495 |   13082 |  40.2 |      39 |      37 |  48.7
       D:15 |    4017 |    2337 |  36.8 |       8 |       3 |  27.3
     Lair:1 |    7073 |    1572 |  18.2 |      27 |       5 |  15.6
     Lair:2 |    2268 |     713 |  23.9 |       8 |       1 |  11.1
     Lair:3 |    5146 |     592 |  10.3 |      19 |       1 |   5.0
     Lair:4 |    7286 |      93 |   1.3 |      30 |       6 |  16.7
     Lair:5 |   12243 |   13285 |  52.0 |      39 |      25 |  39.1
   Shoals:1 |    8926 |    5861 |  39.6 |      17 |      10 |  37.0
   Shoals:2 |    9523 |    6277 |  39.7 |      15 |       8 |  34.8
   Shoals:3 |    9200 |    5706 |  38.3 |      18 |       9 |  33.3
   Spider:1 |   21456 |       0 |   0.0 |      53 |       0 |   0.0
   Spider:2 |   21773 |       0 |   0.0 |      56 |       0 |   0.0
   Spider:3 |    3896 |     362 |   8.5 |       8 |       2 |  20.0
      Orc:1 |    3567 |       0 |   0.0 |      36 |       0 |   0.0
      Orc:2 |    4897 |   15097 |  75.5 |      24 |      37 |  60.7
      Sewer |       0 |     100 | 100.0 |       0 |      13 | 100.0
            +---------+---------+-------+---------+---------+-------
